[Event "Goldmoney Asian Rapid Prelims 2021"]
[Site "Chess24"]
[Date "2021.06.24"]
[Round "11.3"]
[White "So, Wesley"]
[Black "Erigaisi Arjun"]
[Result "1/2-1/2"]
[ECO "C43"]
[WhiteElo "2770"]
[BlackElo "2567"]
[Annotator "ChessBase"]
[PlyCount "21"]
[EventDate "2021.06.26"]
[EventType "tourn"]
[EventCountry "NET"]
[Tiebreak "Koya+Number of black wins+Number of wins"]
[SourceTitle "playchess.com"]
[Source "ChessBase"]
[SourceQuality "1"]
[TimeControl "900+10"]

1. e4 e5 2. Nf3 Nf6 3. d4 Nxe4 4. Bd3 d5 5. Nxe5 Nd7 6.
Nxf7 Kxf7 7. Qh5+ Ke7 8. Qe2 Kf7 9. Qh5+ Ke7 10. Qe2 Kf7 11.
Qh5+ 1/2-1/2